 Dungeon Crawl Stone Soup version 0.27-a0-998-g4cfe56dd59 (webtiles) character file.

Game seed: 7516497985348931793

108 Lugonue the Magician (level 4, 0/31 HPs)
             Began as a Djinni Air Elementalist on Apr 16, 2021.
             Slain by a hobgoblin (5 damage)
             ... on level 3 of the Dungeon.
             The game lasted 00:03:17 (2986 turns).

Lugonue the Magician (Djinni Air Elementalist)      Turns: 2986, Time: 00:03:17

Health: 0/31       AC:  2    Str:  7    XL:     4   Next: 87%
Gold:   103        EV: 12    Int: 17    God:
                   SH:  0    Dex: 14

rFire    + + .     SeeInvis .   (no weapon)
rCold    x . .     Faith    .   (no shield)
rNeg     . . .     Spirit   .   a - +0 robe
rPois    ∞         Reflect  .   (no helmet)
rElec    .         Harm     .   (no cloak)
rCorr    .         Rampage  .   (no gloves)
Will     .....                  (boots unavailable)
Stlth    ++........             (no amulet)
HPRegen  0.10/turn              (no ring)
MPRegen  0.00/turn              (no ring)

@: flying
A: fire resistance 2, cold vulnerability 1, float, innate caster, hp casting,
extra vitality 1
a: no special abilities


You were on level 3 of the Dungeon.
You visited 1 branch of the dungeon, and saw 3 of its levels.

You collected 103 gold pieces.

Inventory:

Armour
 a - a +0 robe (worn)
Scrolls
 b - a scroll of identify {unknown}
 c - a scroll of immolation {unknown}
 d - a scroll of vulnerability {unknown}
 e - a scroll of fear {unknown}
 g - a scroll of fog {unknown}
 h - a scroll of brand weapon {unknown}
Potions
 f - a potion of brilliance {unknown}


   Skills:
 + Level 2.5 Dodging
 - Level 1.6 Stealth
 * Level 4.5 Spellcasting


You couldn't memorise any spells.
You knew the following spells:

 Your Spells              Type           Power      Damage    Failure   Level
a - Shock                 Conj/Air       76%        1d7       2%          1
b - Static Discharge      Conj/Air       19%        N/A       3%          2
c - Swiftness             Air            19%        N/A       7%          3
d - Airstrike             Air            9%         N/A       24%         4
e - Lightning Bolt        Conj/Air       9%         1d22      54%         5
f - Beastly Appendage     Tmut           38%        N/A       2%          1
Your spell library was empty.

Dungeon Overview and Level Annotations

Branches:
Dungeon (3/15)

Altars:
Elyvilon

Annotations:
D:3 Robin


Innate Abilities, Weirdness & Mutations

You are immune to poison.
Your flesh is very heat resistant. (rF++)
You are vulnerable to cold. (rC-)
You float through the air rather than walking.
You learn spells naturally, not from books.
Your magical power is your life essence.
You have superior vitality. (+4 HP)


Message History

Aiming: Shock (safe; 2% risk of failure)
Press: ? - help, Shift-Dir - straight line, f/p - goblin
Aim: a goblin, wielding a +0 hunting sling and quivering sling bullets (heavily wounded, 64% to hit)
The zap hits the goblin.
You kill the goblin!
* * * LOW HITPOINT WARNING * * *
Casting: Shock (safe; 2% risk of failure)
Confirm with . or Enter, or press ? or * to list all spells.
Okay, then.
There is an escape hatch in the floor here.
You start resting.
An orc comes into view. It is wielding a +0 short sword.
An orc is nearby!
Robin of the Strong Arm comes into view.
They are wielding a +0 spear.
There is an escape hatch in the floor here.
You see here a worm corpse.
Robin shouts!
Found a stone staircase leading up.
You see here a hobgoblin corpse.
Casting: Shock (safe; 2% risk of failure)
Confirm with . or Enter, or press ? or * to list all spells.
Aiming: Shock (safe; 2% risk of failure)
Press: ? - help, Shift-Dir - straight line, f - Robin
Aim: Robin, wielding a +0 spear, wearing a +0 leather armour and wearing a +2 helmet (79% to hit)
The zap hits Robin.
Robin is lightly wounded.
* * * LOW HITPOINT WARNING * * *
Robin roars a battlecry!
You hear a shout!
The orc shouts!
The orc closely misses you. The orc hits you with a +0 short sword.
* * * LOW HITPOINT WARNING * * *
A hobgoblin comes into view.
The hobgoblin shouts!
Things that are here:
a +0 dagger; a goblin corpse The hobgoblin no longer looks unusually strong.
The hobgoblin hits you.
You die...

..[...#.# ..
......#.#####...
......#<........
.................
...).............#
....)........$...#
#...).†g..(.....#
#....)@.........#
#########o)........#
#...# #..........#
#.#.#####†.........# #
#.#.....>....g.....#
#.##.#.######.........#
#.................#####
#.#####.############.###
#......................#


You could see Robin, an orc and a hobgoblin.

Vanquished Creatures
  5 adders (D:2)
  2 worms
  A dart slug (D:2)
  4 bats
  8 endoplasms
  A giant cockroach (D:3)
  8 goblins
  10 hobgoblins
  A quokka (D:1)
  3 ball pythons (D:1)
  2 frilled lizards (D:1)
  2 kobolds (D:2)
  3 rats
50 creatures vanquished.

Vanquished Creatures (others)
  7 demonic plants (D:2)
  A fungus (D:2)
  6 plants (D:2)
  3 withered plants (D:2)
17 creatures vanquished.

Grand Total: 67 creatures vanquished

Notes
Turn   | Place    | Note
-------+----------+-------------------------------------------
     0 | D:1      | Lugonue the Djinni Air Elementalist began the quest for the
                  | Orb.
     0 | D:1      | Reached XP level 1. HP: 15/15 MP: 0/0
   554 | D:1      | Reached skill level 3 in Spellcasting
   607 | D:1      | Reached XP level 2. HP: 20/21 MP: 0/0
  1444 | D:2      | Reached XP level 3. HP: 15/25 MP: 0/0
  1444 | D:2      | Learned a level 1 spell: Beastly Appendage
  1988 | D:2      | Found a white marble altar of Elyvilon.
  2039 | D:2      | Reached skill level 4 in Spellcasting
  2039 | D:2      | Reached XP level 4. HP: 28/31 MP: 0/0
  2276 | D:2      | Found a faded altar of an unknown god.
  2957 | D:3      | Noticed Robin
  2986 | D:3      | Slain by a hobgoblin

Illustrated notes

Levels and vault maps discovered:
D:1:      dpeg_arrival_pits, layout_basic
D:2:      layout_loops_ring, basic_altar, shapermc_ecumenical_altar_gd
D:3:      layout_basic, patterned_corridor, uniq_crazy_yiuf_cottage, uniq_robin

Skill      XL: |  1  2  3 |
---------------+----------+-----
Spellcasting   | 3 4 |  4.5
Dodging        | |  2.5
Stealth        | |  1.6

Action                   |  1- 3 |  4- 6 || total
-------------------------+-------+-------++-------
 Cast: Shock             |    74 |    48 ||   122
Armor: Robe              |     1 |       ||     1
Dodge: Dodged            |     4 |     4 ||     8

Table legend: (Time is in decaauts)
 A = Elapsed time spent in this place.
 B = Non-inter-level travel time spent in this place.
 C = Inter-level travel time spent in this place.
 D = Time resting spent in this place.
 E = Time spent auto-exploring this place.
 F = Levels seen in this place.
 G = Mean time per level.
                   A        B        C        D        E       F      G
               +--------+--------+--------+--------+--------+-----+--------+
         Total |   2985 |   2918 |     67 |    373 |   2298 |   3 |  995.0 |
       Dungeon |   2985 |   2918 |     67 |    373 |   2298 |   3 |  995.0 |
               +--------+--------+--------+--------+--------+-----+--------+

Top non-repeatable levels by time:
     D:1: 1431 daAuts
     D:2: 1367 daAuts
     D:3: 186 daAuts
